 Dungeon Crawl Stone Soup version 0.31-a0-656-gb4d89c20fa (webtiles) character file.

Game seed: 4541330913331573141

5175 heikuro the Cleaver (level 10, -2/81 HPs)
             Began as a Formicid Fighter on Aug 30, 2023.
             Was an Elder of Wu Jian.
             Slain by a hornet (13 damage)
             ... on level 8 of the Dungeon.
             The game lasted 00:31:48 (8256 turns).

heikuro the Cleaver (Formicid Fighter)              Turns: 8256, Time: 00:31:49

Health: -2/81      AC: 15    Str: 25    XL:     10   Next: 90%
Magic:  10/10      EV:  8    Int:  8    God:    Wu Jian [****..]
Gold:   1468       SH:  6    Dex: 13    Spells: 9/9 levels left

rFire   + . .        a - +0 war axe
rCold   . . .        c - +0 buckler
rNeg    . . .        n - +0 chain mail
rPois   +            (helmet unavailable)
rElec   .            G - +0 cloak
rCorr   .            A - +0 pair of gloves
SInv    +            m - +0 pair of boots
Will    +....        (no amulet) Stlth
                     f - ring of protection from fire
HPRegen 0.33/turn    o - ring of poison resistance
MPRegen 0.12/turn

%: no passive effects
@: no status effects
A: permanent stasis, dig shafts and tunnels, antennae 3, four strong arms
a: Dig, Shaft Self, Renounce Religion, Wall Jump, Serpent's Lash


You were on level 8 of the Dungeon.
You worshipped Wu Jian.
Wu Jian was greatly pleased with you.
You visited 2 branches of the dungeon, and saw 9 of its levels.
You also visited: Ossuary and Bailey.

You collected 1468 gold pieces.

Inventory:

Hand Weapons
 a - a +0 war axe (weapon)
 h - a +0 spear
Missiles
 l - a throwing net
 y - 39 poisoned darts (quivered)
Armour
 c - a +0 buckler (worn)
 m - a +0 pair of boots (worn)
 n - a +0 chain mail (worn)
 A - a +0 pair of gloves (worn)
 G - a +0 cloak (worn)
Jewellery
 e - a ring of protection from cold
 f - a ring of protection from fire (left hand)
 o - a ring of poison resistance (right hand)
 r - a ring of ice
 B - a ring of ice
Scrolls
 b - a scroll of acquirement {unknown}
 g - a scroll of butterflies {unknown}
 i - 3 scrolls of revelation {unknown}
 p - a scroll of fog {unknown}
 q - a scroll of enchant weapon {unknown}
 t - a scroll of poison {unknown}
 u - 2 scrolls of enchant armour {unknown}
 z - 2 scrolls of torment {unknown}
 C - a scroll of brand weapon {unknown}
 H - a scroll of blinking {unknown}
 I - a scroll of amnesia {unknown}
 K - a scroll of immolation {unknown}
Potions
 d - 6 potions of might
 j - 2 potions of brilliance
 k - 4 potions of attraction
 s - a potion of resistance {unknown}
 v - 6 potions of curing
 w - a potion of mutation {unknown}
 x - a potion of lignification {unknown}
 D - 3 potions of heal wounds
 E - a potion of cancellation {unknown}
 F - 2 potions of haste {unknown}
 J - a potion of enlightenment {unknown}


   Skills:
 + Level 8.3 Fighting
 * Level 10.0 Axes
 + Level 8.2 Armour
 + Level 9.8 Shields


You had 9 spell levels left.
You didn't know any spells.
Your spell library contained the following spells:

 Spells                   Type           Power      Damage    Failure   Level
 Dazzling Flash           Conj/Hex       0%         N/A       100%        3
 Ozocubu's Armour         Ice            0%         N/A       100%        3
 Volatile Blastmotes      Fire/Tloc      0%         2d10      100%        3
 Olgreb's Toxic Radiance  Pois           0%         N/A       100%        4
 Metabolic Englaciation   Hex/Ice        0%         N/A       100%        5
 Simulacrum               Ice/Necr       0%         N/A       100%        6
 Starburst                Conj/Fire      0%         6d3       100%        6
 Malign Gateway           Summ/Tloc      0%         N/A       100%        7
 Discord                  Hex            0%         N/A       100%        8
 Ignition                 Fire           0%         3d3       100%        8
 Maxwell's Capacitive Co  Air            0%         ∞         100%        8
 Summon Horrible Things   Summ           0%         N/A       100%        8


Dungeon Overview and Level Annotations

Branches:
Dungeon (8/15)             Temple (1/1) D:4         Ossuary (visited)
 Bailey (visited)
   Lair: D:8-11

Altars:
Ashenzari
Cheibriados
Dithmenos
Elyvilon
Fedhas
Gozag
Hepliaklqana
Kikubaaqudgha
Makhleb
Nemelex Xobeh
Okawaru
Qazlal
Ru
Sif Muna
Trog
Uskayaw
Vehumet
Wu Jian
Xom
Yredelemnul
Zin
The Shining One

Shops:
D:1 [:([   D:5 :*!

Annotations:
D:6 3 runed translucent doors, AtlasWard's ghost, novice OgBe


Innate Abilities, Weirdness & Mutations

You cannot be hasted, slowed, berserked, paralysed or teleported.
You can dig through walls and to a lower floor.
You have a pair of large antennae on your head. (SInv)
Your four strong arms can wield two-handed weapons with a shield.


Message History

The hornet is severely wounded.
The hornet stings you but does no damage.
The hornet closely misses you.
You barely miss the hornet.
The hornet is severely wounded.
The hornet stings you.
You barely miss the hornet.
The hornet is severely wounded.
The hornet barely misses you. x2
You slash the hornet!
The hornet is almost dead.
The hornet closely misses you.
You miss the hornet.
The hornet is almost dead.
The hornet stings you!
Your stasis prevents you from being slowed.
The hornet completely misses you.
You closely miss the hornet.
The hornet is almost dead.
The hornet stings you!
* * * LOW HITPOINT WARNING * * *
The hornet stings you!
* * * LOW HITPOINT WARNING * * *
Your stasis prevents you from being slowed.
You closely miss the hornet.
The hornet is almost dead.
You block the hornet's attack.
You barely miss the hornet.
The hornet is almost dead.
You block the hornet's attack. The hornet stings you.
* * * LOW HITPOINT WARNING * * *
Your stasis prevents you from being slowed.
You hit the hornet.
The hornet is almost dead.
The hornet stings you.
* * * LOW HITPOINT WARNING * * *
You completely miss the hornet.
The hornet is almost dead.
The hornet stings you!
You die...

.........# .........#
.........# ### .........#
.... .........####..{..
########.#..'..... #.#.# ,
#.#y# #.#@# #.#.# #.#.#
#.#.# #.#.# #.#.#
.######.#.################
........#..........%.^....
≈≈~≈~~.'###########......#


You could see a hornet.

Vanquished Creatures
  Pikel (D:7)
  Grinder (D:6)
  Eustachio (D:4)
  2 steam dragons
  A water moccasin (D:7)
  An ice beast (D:7)
  3 black bears
  5 orc warriors
  4 centaurs
  3 lemures (D:7)
  7 kobold brigands
  2 phantoms
  6 bullfrogs
  4 scorpions
  10 water moccasin zombies (Ossuary)
  6 killer bees
  4 howler monkeys
  4 jellies
  4 hounds
  2 iguanas
  2 orc wizards
  Natasha (thrice) (D:3)
  2 mummies (Ossuary)
  3 gnolls (D:7)
  9 adders
  A white imp (D:5)
  An ufetubus (D:4)
  A worm zombie (D:6)
  7 adder zombies (Ossuary)
  2 worms
  A dart slug (D:4)
  9 orcs
  11 endoplasms
  A giant cockroach (D:1)
  3 gnoll zombies (Ossuary)
  15 goblins
  8 hobgoblins
  3 jackals (D:1)
  4 quokkas
  5 ball pythons
  8 bats
  3 frilled lizards
  5 hobgoblin zombies (Ossuary)
  23 kobolds
  3 kobold zombies (Ossuary)
  3 orc zombies (Ossuary)
  8 rats
  A rat zombie (D:6)
216 creatures vanquished.

Vanquished Creatures (others)
  A goblin (D:8)
1 creature vanquished.

Grand Total: 217 creatures vanquished

Notes
Turn   | Place    | Note
-------+----------+-------------------------------------------
     0 | D:1      | heikuro the Formicid Fighter began the quest for the Orb.
     0 | D:1      | Reached XP level 1. HP: 18/18 MP: 1/1
   230 | D:1      | Reached XP level 2. HP: 24/24 MP: 2/2
   310 | D:1      | Found Seutuss's Weapon Shop.
   475 | D:1      | Found Miyntan's Book Shoppe.
   483 | D:1      | Found Fiatimp's Antique Armour Boutique.
   566 | D:1      | Reached XP level 3. HP: 29/29 MP: 3/3
   687 | D:1      | Found Zobudeerr's Antique Armour Emporium.
   973 | D:2      | Reached XP level 4. HP: 37/37 MP: 4/4
   981 | D:2      | Reached skill level 3 in Axes
  1521 | D:3      | Found a shimmering blue altar of Sif Muna.
  1557 | D:3      | Found a white marble altar of Elyvilon.
  1686 | D:3      | Found a faded altar of an unknown god.
  1694 | D:3      | Prayed at the altar of an unknown god.
  1694 | D:3      | Became a worshipper of the Wu Jian Council
  1694 | D:3      | Reached * piety under Wu Jian
  1792 | D:3      | Reached XP level 5. HP: 42/42 MP: 5/5
  1900 | D:3      | Noticed Natasha
  1909 | D:3      | Killed Natasha
  2524 | D:3      | Noticed Natasha
  2540 | D:3      | Killed Natasha
  2545 | D:3      | Noticed Natasha
  2558 | D:3      | Killed Natasha
  2559 | D:3      | Reached skill level 5 in Shields
  2559 | D:3      | Reached XP level 6. HP: 25/48 MP: 6/6
  3029 | D:4      | Found a glowing silver altar of Zin.
  3090 | D:4      | Reached skill level 4 in Axes
  3229 | D:4      | Found a staircase to the Ecumenical Temple.
  3421 | D:4      | Reached ** piety under Wu Jian
  3426 | D:4      | Reached XP level 7. HP: 43/55 MP: 7/7
  3494 | D:4      | Noticed Eustachio
  3532 | D:4      | Killed Eustachio
  3533 | D:4      | Reached skill level 5 in Axes
  3842 | D:5      | Entered Level 5 of the Dungeon
  3859 | D:5      | Reached skill level 5 in Fighting
  3859 | D:5      | Reached skill level 5 in Armour
  3942 | D:5      | Found a blossoming altar of Fedhas.
  4086 | D:5      | Reached XP level 8. HP: 32/62 MP: 8/8
  4430 | D:5      | Found Reutytefa's Assorted Antiques.
  4432 | D:5      | Found Weinibb's Distillery.
  4432 | D:5      | Found Hapsap's Book Boutique.
  4540 | D:5      | Found a sacrificial altar of Ru.
  4749 | D:5      | Reached skill level 6 in Axes
  5071 | Temple   | Entered the Ecumenical Temple
  5158 | D:6      | Found a runed translucent gate.
  5158 | D:6      | Noticed AtlasWard's ghost (novice OgBe)
  5159 | D:6      | Found a radiant altar of Vehumet.
  5263 | D:6      | Found a runed translucent gate.
  5263 | D:6      | Found a runed translucent gate.
  5266 | D:6      | Found a sand-covered staircase.
  5275 | Ossuary  | Entered an ossuary
  5456 | Ossuary  | Reached XP level 9. HP: 47/69 MP: 9/9
  5548 | Ossuary  | Reached skill level 7 in Axes
  5549 | Ossuary  | Reached *** piety under Wu Jian
  5861 | D:6      | Identified the +1 helmet of Good Intentions {rC+ Str+2
                  | Int-5}
  5877 | D:6      | Found a glowing golden altar of the Shining One.
  5890 | D:6      | Found an iron altar of Okawaru.
  5911 | D:6      | Noticed Grinder
  5922 | D:6      | Killed Grinder
  6011 | D:6      | Reached skill level 8 in Axes
  6324 | D:6      | Noticed a kobold demonologist
  6850 | D:7      | Noticed Pikel
  6868 | D:7      | Killed Pikel
  6869 | D:7      | Reached XP level 10. HP: 65/79 MP: 10/10
  6996 | D:7      | Reached skill level 9 in Axes
  7233 | D:7      | Reached **** piety under Wu Jian
  7681 | D:8      | Found a flagged portal.
  7724 | Bailey   | Entered a bailey
  8005 | Bailey   | Reached skill level 10 in Axes
  8122 | Bailey   | Found a bloodstained altar of Trog.
  8256 | D:8      | Slain by a hornet

Illustrated notes

Levels and vault maps discovered:
D:1:      evilmike_arrival_crescent, layout_loops_corners, serial_shops, shop,
          nicolae_shop_statue_plus, shop, nicolae_shop_hallway_stairs,
          minmay_box_of_dots
D:2:      layout_basic
D:3:      corexii_shack_village, layout_basic,
          mainiacjoe_overflow_cross_hatched, amcnicky_altar_gilded,
          hellmonk_ecumenical_altar_zigzags, kennysheep_generic_room_15,
          uniq_natasha
D:4:      layout_basic, mainiacjoe_overflow_paths,
          minmay_temple_entry_butterflies, uniq_eustachio
D:5:      layout_gridville, nicolae_ru_the_path_less_chosen,
          mainiacjoe_overflow_24_doors, chequers_serial_rivers_large_a,
          nicolae_shop_distant_corner_stores
D:6:      layout_loops_ring, nicolae_vehumet_altar_sigil,
          mainiacjoe_overflow_big_doors, gammafunk_ghost_nasty_kobolds,
          enter_ossuary_3, uniq_grinder
D:7:      layout_basic, uniq_pikel
D:8:      layout_basic, lair_entry_dummy, enter_bailey_3
Temple:   nicolae_temple_great_sept

Skill      XL: |  1  2  3  4  5  6  7  8  9 10 |
---------------+-------------------------------+-----
Axes           | 3 4 5 6 8 10 | 10.0
Armour         | 4 5 6 7 8 |  8.2
Fighting       | 4 5 6 7 8 |  8.3
Shields        | 5 6 7 8 9 |  9.8

Action                     |  1- 3 |  4- 6 |  7- 9 | 10-12 || total
---------------------------+-------+-------+-------+-------++-------
  Melee: War axe           |    67 |   168 |   494 |   234 ||   963
  Throw: Dart              |       |     4 |       |       ||     4
Ability: Dig               |     1 |     1 |     1 |       ||     3
         Whirlwind         |       |    75 |   253 |    59 ||   387
         Lunge             |       |     4 |    16 |     7 ||    27
         Wall Jump         |       |       |    54 |    15 ||    69
    Use: Scroll            |       |       |     6 |     1 ||     7
 Armour: Scale mail        |    39 |    14 |       |       ||    53
         Chain mail        |       |    76 |   277 |   112 ||   465
  Dodge: Dodged            |    31 |    70 |   208 |    69 ||   378
  Block: Buckler           |    19 |    35 |   137 |    70 ||   261

Table legend: (Time is in decaauts)
 A = Elapsed time spent in this place.
 B = Non-inter-level travel time spent in this place.
 C = Inter-level travel time spent in this place.
 D = Time resting spent in this place.
 E = Time spent auto-exploring this place.
 F = Levels seen in this place.
 G = Mean time per level.
                   A        B        C        D        E       F      G
               +--------+--------+--------+--------+--------+-----+--------+
         Total |   8423 |   7985 |    438 |    770 |   4541 |  11 |  765.7 |
       Dungeon |   7502 |   7064 |    438 |    456 |   4401 |   8 |  937.8 |
        Temple |      1 |      1 |      0 |      0 |      0 |   1 |    1.0 |
       Ossuary |    450 |    450 |      0 |    136 |     34 |   1 |  450.0 |
        Bailey |    469 |    469 |      0 |    178 |    106 |   1 |  469.0 |
               +--------+--------+--------+--------+--------+-----+--------+

Top non-repeatable levels by time:
     D:3: 1305 daAuts
     D:5: 1235 daAuts
     D:6: 1181 daAuts
     D:4: 1117 daAuts
     D:1: 940 daAuts
     D:7: 867 daAuts
     D:2: 635 daAuts
  Bailey: 469 daAuts
 Ossuary: 450 daAuts
     D:8: 219 daAuts
  Temple: 1 daAuts
